 Dungeon Crawl Stone Soup version 0.16-a0-3841-g2612308 (webtiles) character file.

131 HungrySamMD the Poker (level 5, -1/38 HPs)
             Began as a Formicid Skald on Jan 30, 2015.
             Slain by a scorpion (9 damage)
             ... on level 4 of the Dungeon.
             The game lasted 00:08:00 (2239 turns).

HungrySamMD the Poker (Formicid Skald)              Turns: 2239, Time: 00:08:00

Health: -1/38      AC:  3    Str: 18      XL:     5   Next: 37%
Magic:  9/11       EV: 11    Int: 14 (16) God:
Gold:   120        SH:  0    Dex: 10      Spells: 1 memorised, 7 levels left

rFire  + + .     SeeInvis +     l - +0 trident
rCold  + + .     Clarity  .     i - troll hide
rNeg   . . .     SustAb   .     (no shield)
rPois  +         Gourm    .     (helmet unavailable)
rElec  +         Spirit   .     k - +0 cloak
rCorr  +         Warding  .     (no gloves)
rMut   .         Stasis   +     (no boots)
MR     .....                    (no amulet)
Stlth  +.........               j - ring of protection from cold
                                s - ring of protection from fire

@: brilliant, resistant, infused, not resistant to hostile enchantments, very
unstealthy
A: permanent stasis, dig shafts and tunnels, four strong arms, antennae 3
a: Dig, Shaft Self


You were on level 4 of the Dungeon.
You were hungry.

You visited 1 branch of the dungeon, and saw 4 of its levels.

You collected 120 gold pieces.

Inventory:

Hand weapons
 a - a +0 spear
 l - a +0 trident (weapon)
 v - a +0 halberd
Armour
 i - a troll hide (worn)
 k - a +0 cloak (worn)
 n - a +0 ring mail
Jewellery
 h - an uncursed ring of sustain abilities
 j - a ring of protection from cold (right hand)
 p - an uncursed ring of protection from cold
 s - a ring of protection from fire (left hand)
 u - an uncursed ring of see invisible {unknown}
Magical devices
 t - a wand of enslavement (14)
Scrolls
 f - a scroll of identify
 w - a scroll of remove curse
Potions
 g - 2 potions of haste
 r - 2 potions of resistance
Books
 c - a book of Battle

   Spells                             Type                      Level
   a - Infusion                       Charms                       1
   b - Shroud of Golubria             Charms/Translocation         2
   c - Song of Slaying                Charms                       2
   d - Spectral Weapon                Hexes/Charms                 3
   e - Regeneration                   Charms/Necromancy            3
Comestibles
 d - 3 bread rations
 m - 4 meat rations
 o - 2 fruits


   Skills:
 - Level 2.1 Fighting
 + Level 5.2 Polearms
 - Level 1.1 Armour
 - Level 0.8 Dodging
 - Level 2.1 Spellcasting
 - Level 3.0 Charms


You had 7 spell levels left.
You knew the following spells:

 Your Spells              Type           Power        Failure   Level  Hunger
a - Infusion              Chrm           ###...       1%          1    #......


Dungeon Overview and Level Annotations

Branches:
Dungeon (4/15)
 Temple: D:4-7

Altars:


Innate Abilities, Weirdness & Mutations

You are under a permanent stasis effect.
You can dig through walls and to a lower floor.
Your four strong arms can wield two-handed weapons with a shield.
You have a pair of large antennae on your head (SInv).


Message History

You hit the scorpion.
The scorpion is heavily wounded.
The scorpion closely misses you. The kobold barely misses you.
You puncture the scorpion!
The scorpion is almost dead.
The scorpion barely misses you. The kobold hits you but does no damage.
You closely miss the scorpion.
The scorpion is almost dead.
The scorpion barely misses you. The kobold closely misses you.
You hit the scorpion but do no damage.
The scorpion is almost dead.
The orc wizard is no longer moving quickly.
The scorpion closely misses you. The kobold closely misses you.
You closely miss the scorpion.
The scorpion is almost dead.
The scorpion misses you. The kobold misses you.
You barely miss the scorpion.
The scorpion is almost dead.
The scorpion stings you!
You die...

###### .....# .....#
.....#################
...............K@so..#
####.##############.##
#.# #.# #.# # #.#
####+######
#.........#
#.........#


You could see a scorpion, an orc wizard and a kobold.

Vanquished Creatures
  2 hounds (D:4)
  An adder (D:3)
  2 worms
  3 giant geckos (D:3)
  An orc (D:3)
  A bat skeleton (D:4)
  5 giant cockroaches
  7 hobgoblins
  6 jackals
  11 kobolds
  3 ball pythons
  9 bats
  7 giant newts
  10 goblins
  11 rats
79 creatures vanquished.

Notes
Turn   | Place    | Note
--------------------------------------------------------------
     0 | D:1      | HungrySamMD, the Formicid Skald, began the quest for the Orb.
     0 | D:1      | Reached XP level 1. HP: 16/16 MP: 3/3
   264 | D:1      | Reached XP level 2. HP: 20/22 MP: 5/5
   507 | D:1      | Reached XP level 3. HP: 22/27 MP: 7/7
  1088 | D:2      | You fall through a shaft!
  1253 | D:2      | Reached XP level 4. HP: 33/33 MP: 8/8
  1287 | D:2      | Reached skill level 4 in Polearms
  1902 | D:3      | Reached XP level 5. HP: 18/38 MP: 11/11
  2148 | D:4      | Reached skill level 5 in Polearms
  2239 | D:4      | Slain by a scorpion

Action                   |  1- 3 |  4- 6 || total
-------------------------+-------+-------++-------
Melee: Spear             |   119 |       ||   119
       Trident           |    62 |   195 ||   257
 Cast: Infusion          |       |     1 ||     1
 Abil: Dig               |       |     1 ||     1
  Use: Scroll            |     5 |     2 ||     7
       Potion            |       |     9 ||     9
  Eat: Chunk             |     1 |     4 ||     5
